 Dungeon Crawl Stone Soup version 0.31-a0-233-g139696dc86 (webtiles) character file.

Game seed: 9140748204914936296

23 qw the Shooter (level 2, 0/24 HPs)
             Began as a Minotaur Hexslinger on July 8, 2023.
             Slain by an orc wizard
             ... wielding a +0 dagger
              (2 damage)
             ... on level 1 of the Dungeon.
             The game lasted 00:00:16 (958 turns).

qw the Shooter (Minotaur Hexslinger)                 Turns: 958, Time: 00:00:17

Health: 0/24       AC:  5    Str: 12    XL:     2   Next: 72%
Magic:  2/2        EV: 10    Int: 10    God:
Gold:   14         SH:  0    Dex: 12    Spells: 2/3 levels left

rFire   . . .        Y - +1 sling
rCold   . . .        (no shield)
rNeg    . . .        e - +0 ring mail
rPois   .            (helmet restricted)
rElec   .            (no cloak)
rCorr   .            (no gloves)
SInv    .            (no boots)
Will    .....        (no amulet) Stlth
                     (no ring)
HPRegen 0.24/turn    (no ring)
MPRegen 0.08/turn

%: no passive effects
@: confused
A: horns 2, retaliatory headbutt
a: no special abilities


You were on level 1 of the Dungeon.
You visited 1 branch of the dungeon, and saw 2 of its levels.

You collected 14 gold pieces.


Innate Abilities, Weirdness & Mutations

You have a pair of horns on your head.
You reflexively headbutt those who attack you in melee.


   Skills:
 - Level 2.1 Fighting
 + Level 3.2 Ranged Weapons
 - Level 2.1 Dodging
 - Level 1.0 Spellcasting
 - Level 2.0 Hexes


You had 2 spell levels left.
You knew the following spells:

 Your Spells              Type           Power      Damage    Failure   Level
a - Slow                  Hex            16%        N/A       34%         1

Your spell library contained the following spells:

 Spells                   Type           Power      Damage    Failure   Level
 Inner Flame              Hex/Fire       2%         N/A       83%         3
 Portal Projectile        Hex/Tloc       4%         N/A       83%         3
 Cause Fear               Hex            2%         N/A       98%         4

Inventory:

Hand Weapons
 Y - a +1 sling (weapon)
Armour
 e - a +0 ring mail (worn)
Potions
 d - a potion of curing {unknown}
 f - a potion of heal wounds {unknown}

Dungeon Overview and Level Annotations

Branches:
Dungeon (2/15)

Altars:


Message History

What level of the Dungeon? (default 1, ? - help)
There is a stone staircase leading down here.
You climb downwards.
The orc shouts!
The orc wizard shouts!
The orc shouts!
The frilled lizard hisses angrily.
You hear a shout! x2
Found a scroll labelled VEUQOV AL ROM and a crystal falchion.
There is a stone staircase leading up here.
There are monsters nearby!
Waypoint 1 assigned to D:2.
You shoot a sling bullet. The sling bullet hits the orc wizard.
The orc wizard is lightly wounded.
The orc wizard hits you but does no damage.
You shoot a sling bullet.
The sling bullet closely misses the orc wizard.
A hobgoblin comes into view.
The orc hits you with a +0 mace.
The orc wizard gestures at you while chanting.
The magic dart hits you.
954 ||| STAIRDANCE The orc hits you but does no damage.
The orc wizard gestures at you while chanting.
You resist with significant effort. The orc hits you but does no damage.
You climb upwards.
There is a stone staircase leading down here.
Enter note:
Enter note:
Enter note:
Enter note: You shoot a sling bullet.
The sling bullet closely misses the orc wizard.
The orc barely misses you. The orc hits you with a +0 mace.
The orc wizard hits you but does no damage.
The orc closely misses you. The orc hits you with a +0 mace.
The orc wizard points at you and mumbles some strange words.
You are confused.
The orc closely misses you. The orc hits you with a +0 mace.
The orc wizard hits you with a +0 dagger.
The orc hits you with a +0 dagger. The orc hits you but does no damage.
The orc wizard hits you with a +0 dagger.
You die...

##....#
#.....#.####.###.#
(..##.# #.....#......#
#.# #...#.#
#.....#..#######.#
##....#
#######.......##.#
......## #.#####.##.#
#####..######
#.##.......#
#...........######
#.###)#.####
#.#########....o.####[#
#.#...# #.####
######@o....# #.###.#
.....7# #o##77.7 #.#
#.# ......## #.#
7P~77#.# #.#
.......##### #.#
77[P7..# #.#
..\..7.....# #.#
7P~P777###.#
......####.#
77777.~P77777..#
......#
#.####7777P~~~.P~77#.#
..\.._#
#......~~.~~~~~~~~...#
......#
#.####~P.~7~~~PP7PP###


You could see an orc wizard and 2 orcs.

Vanquished Creatures
  A dart slug (D:1)
  A bat (D:1)
  3 endoplasms (D:1)
  A goblin (D:1)
  3 jackals (D:1)
  A quokka (D:1)
  5 kobolds (D:1)
  3 rats (D:1)
18 creatures vanquished.

Notes
Turn   | Place    | Note
-------+----------+-------------------------------------------
     0 | D:1      | qw the Minotaur Hexslinger began the quest for the Orb.
     0 | D:1      | Reached XP level 1. HP: 16/16 MP: 1/1
     0 | D:1      | 0 ||| qw: Version: 0.3-a-46-gb1f654a
     0 | D:1      | 0 ||| qw: Game counter: 3711
     0 | D:1      | 0 ||| qw: Melee chars always use a shield: true
     0 | D:1      | 0 ||| qw: God list: Okawaru
     0 | D:1      | 0 ||| qw: Allow faded altars: false
     0 | D:1      | 0 ||| qw: Do Orc after clearing Dungeon:15 true
     0 | D:1      | 0 ||| qw: Do second Lair branch before Depths: true
     0 | D:1      | 0 ||| qw: Lair rune preference: random
     0 | D:1      | 0 ||| qw: Goals: Normal
     0 | D:1      | 0 ||| PLANNING D:1-11
   285 | D:1      | Reached skill level 3 in Ranged Weapons
   286 | D:1      | Reached XP level 2. HP: 23/23 MP: 2/2
   538 | D:1      | Found a faded altar of an unknown god.
   907 | D:1      | 907 ||| UPGRADING to +0 ring mail.
   917 | D:1      | 917 ||| DROPPING +0 robe.
   918 | D:1      | 918 ||| READING scroll labelled ZIF PUDOREA.
   922 | D:1      | 922 ||| DROPPING scroll of poison.
   954 | D:2      | 954 ||| STAIRDANCE
   957 | D:1      | HP: 6/24 [orc/+0 mace (3)]
   958 | D:1      | HP: 2/24 [orc/+0 dagger (3)]
   958 | D:1      | Slain by an orc wizard

Levels and vault maps discovered:
D:1:      matt_arrival_refuge, layout_basic,
          hellmonk_ecumenical_altar_arch_garden, supply_closet_lemuel,
          columned_hall_lemuel, serial_bayou_crossing
D:2:      layout_loops_cross, minmay_misc_feat_chi, minmay_misc_feat_pillars

Skill      XL: |  1  2 |
---------------+-------+-----
Ranged Weapons | 3 |  3.2
Fighting       | 2 |  2.1
Dodging        | |  2.1
Spellcasting   | |  1.0
Hexes          | |  2.0

Action                     || total
---------------------------++-------
   Fire: Sling             ||    59
    Use: Scroll            ||     1
 Armour: Robe              ||     8
         Ring mail         ||     5
  Dodge: Dodged            ||    15

Table legend:
 A = Non-vault XP
 B = Vault XP
 C = Vault XP percentage of total XP
 D = Non-vault monster count
 E = Vault monster count
 F = Vault count percentage of total count
                 A         B        C        D         E       F
            +---------+---------+-------+---------+---------+-------
      Total |      33 |       0 |   0.0 |      18 |       0 |   0.0
            +---------+---------+-------+---------+---------+-------
        D:1 |      33 |       0 |   0.0 |      18 |       0 |   0.0
            +---------+---------+-------+---------+---------+-------
